Map: Pillars of Gold LE

Players

LiquidClem (Clem) - Winner!

  • Race: Terran Terran
  • League: Grandmaster
  • Spawn Location: 7:00

TLHarstem (Harstem)

  • Race: Protoss Protoss
  • League: Master
  • Spawn Location: 1:00

Event: ASUS ROG Online 2020

VOD

Have the link to the VOD?

Description

Time

  • Played on: Nov. 28, 2020, 10:51 a.m.
  • Length: 9:49

All games in this series

Show
View Real Time Build Order
Export as new Build Order

LiquidClem Terran - Winner!

Build Orders:  

Get SALT Encoding   

  12  0:00  SCV  
  13  0:13  SCV  
  14  0:18  Supply Depot  
  14  0:25  SCV  
  15  0:39  SCV  
  15  0:42  Barracks  
  16  0:47  Refinery  
  16  0:51  SCV  
  17  0:58  Refinery  
  17  1:04  SCV  
  18  1:16  SCV  
  19  1:29  Orbital Command, Reaper  
  20  1:33  Bunker  
  20  1:42  Supply Depot  
  20  1:54  SCV  
  20  2:00  Marine  
  22  2:04  Factory  
  22  2:07  SCV  
  23  2:18  Marine  
  23  2:19  SCV  
  25  2:31  SCV  
  25  2:36  Marine  
  27  2:43  Supply Depot  
  27  2:50  Starport  
  27  2:51  SCV  
  28  2:53  Factory Reactor  
  29  3:03  Command Center  
  29  3:09  SCV  
  29  3:24  SCV  
  30  3:30  Medivac, Hellion x2  
  36  3:36  SCV  
  37  3:48  SCV  
  38  3:52  Hellion  
  38  4:00  SCV  
  38  4:05  Bunker, Starport Tech Lab  
  38  4:12  SCV  
  38  4:15  Orbital Command  
  39  4:24  SCV  
  39  4:30  Starport Reactor  
  39  4:31  Cyclone, Viking  
  41  4:36  SCV, Marine x2  
  42  4:43  SCV  
  41  4:47  Supply Depot  
  41  4:48  SCV  
  42  4:53  Marine  
  42  4:55  SCV, Marine  
  45  5:01  SCV  
  45  5:06  Viking  
  48  5:07  SCV  
  48  5:08  Siege Tank  
  48  5:11  Supply Depot  
  48  5:13  SCV  
  53  5:16  Marine x2  
  53  5:19  SCV  
  56  5:25  SCV  
  56  5:26  Barracks  
  57  5:31  SCV  
  57  5:33  Supply Depot  
  57  5:35  Marine  
  58  5:37  SCV  
  58  5:40  Viking  
  62  5:43  SCV  
  62  5:46  Siege Tank  
  66  5:50  Marine  
  66  5:51  Engineering Bay  
  66  5:52  SCV  
  67  5:58  Marine  
  67  6:01  SCV  
  65  6:05  Barracks, SCV  
  65  6:06  Refinery  
  65  6:09  Marine  
  67  6:16  Barracks Tech Lab, Marine  
  67  6:17  Starport Reactor  
  66  6:21  Supply Depot, SCV  
  66  6:23  SCV  
  68  6:27  Marine  
  68  6:32  Refinery  
  69  6:33  Marine  
  69  6:36  Marauder, Stimpack  
  72  6:40  Siege Tank  
  72  6:41  SCV  
  72  6:45  SCV  
  72  6:46  Marine  
  69  6:54  SCV  
  68  6:55  Marine  
  68  6:57  SCV  
  68  6:58  Marauder  
  68  7:02  Barracks Tech Lab  
  68  7:06  Terran Infantry Weapons Level 1  
  68  7:07  Marine  
  66  7:09  Medivac  
  66  7:12  Medivac  
  70  7:18  Siege Tank, Marine  
  70  7:19  Marauder  
  77  7:25  Marauder  
  77  7:26  Combat Shield  
  77  7:28  Marine  
  76  7:31  Supply Depot  
  78  7:39  SCV x2  
  78  7:40  Marine  
  78  7:43  Marauder  
  81  7:46  Marauder, Marine  
  84  7:52  Supply Depot, Siege Tank  
  84  7:55  Medivac  
  87  7:59  Supply Depot, Marine  
  87  8:02  Medivac  
  87  8:05  Marine  
  91  8:07  Marauder  
  93  8:13  Supply Depot  
  93  8:14  Marauder  
  95  8:22  Marine  
  95  8:26  Command Center  
  96  8:29  Marine  
  96  8:30  Marauder  
  98  8:36  Marauder  
  98  8:38  Siege Tank  
  103  8:41  Supply Depot  
  103  8:44  Marine  
  104  8:50  Marine  
  104  8:52  Marauder  
  104  8:57  Marauder  
  104  9:01  Supply Depot  
  106  9:03  Marine  
  107  9:10  Siege Tank, Marine  
  107  9:13  Marauder  
  113  9:18  Marine  
  116  9:24  Marine  
  116  9:29  Marine  
Show
View Real Time Build Order
Export as new Build Order

TLHarstem Protoss 

Build Orders: 1 Gate Expand, Oracle Opening 

Get SALT Encoding   

  12  0:00  Probe  
  13  0:12  Probe  
  14  0:18  Pylon  
  14  0:24  Probe (Chrono Boost)  
  15  0:29  Assimilator  
  15  0:36  Probe (Chrono Boost)  
  16  0:45  Probe (Chrono Boost)  
  16  0:47  Gateway  
  17  0:51  Probe  
  18  1:03  Probe  
  19  1:15  Probe  
  20  1:24  Nexus  
  20  1:35  Cybernetics Core  
  20  1:38  Probe  
  21  1:43  Assimilator  
  21  1:50  Probe  
  21  1:53  Pylon  
  22  2:02  Probe  
  22  2:09  Stalker (Chrono Boost)  
  24  2:22  Probe  
  24  2:30  Stalker (Chrono Boost)  
  24  2:35  Probe (Chrono Boost)  
  27  2:38  Probe (Chrono Boost)  
  28  2:46  Stargate  
  28  2:50  Shield Battery  
  29  2:55  Probe (Chrono Boost)  
  29  2:57  Shield Battery, Probe (Chrono Boost)  
  29  3:05  Probe  
  31  3:08  Probe  
  32  3:17  Probe  
  33  3:26  Probe  
  33  3:27  Stalker  
  36  3:28  Oracle (Chrono Boost)  
  39  3:35  Shield Battery  
  39  3:49  Probe  
  39  3:52  Probe  
  41  3:57  Pylon  
  41  3:58  Oracle  
  41  4:01  Probe  
  45  4:04  Probe  
  45  4:07  Pylon  
  46  4:13  Warp Gate  
  46  4:16  Gateway, Probe (Chrono Boost)  
  48  4:18  Twilight Council  
  48  4:21  Gateway, Probe (Chrono Boost)  
  48  4:26  Probe (Chrono Boost)  
  48  4:29  Probe (Chrono Boost)  
  48  4:31  Probe (Chrono Boost)  
  51  4:40  Probe  
  51  4:43  Probe  
  53  4:51  Assimilator  
  53  4:52  Probe  
  52  4:53  Pylon  
  52  4:55  Probe  
  52  4:59  Phoenix  
  40  5:04  Blink (Chrono Boost), Probe  
  39  5:07  Probe (Chrono Boost)  
  40  5:16  Probe (Chrono Boost)  
  42  5:25  Probe (Chrono Boost)  
  42  5:26  Probe (Chrono Boost)  
  43  5:31  Probe (Chrono Boost)  
  43  5:32  Probe (Chrono Boost)  
  43  5:33  Pylon  
  45  5:42  Probe  
  43  5:43  Probe  
  44  5:54  Probe  
  44  5:55  Probe  
  40  6:06  Stalker x3, Probe  
  40  6:07  Probe  
  48  6:18  Probe  
  48  6:19  Probe  
  50  6:29  Stalker  
  50  6:30  Stalker x2  
  50  6:31  Probe x2  
  54  6:43  Probe  
  54  6:44  Probe  
  50  6:55  Probe  
  50  6:56  Probe  
  49  7:04  Stalker x3  
  49  7:07  Probe  
  56  7:13  Probe  
  57  7:17  Forge  
  57  7:18  Nexus  
  57  7:27  Charge (Chrono Boost)  
  57  7:30  Probe x2  
  57  7:34  Pylon  
  59  7:37  Assimilator  
  59  7:41  Sentry, Zealot  
  59  7:42  Probe  
  65  7:44  Probe  
  65  7:54  Probe  
  65  7:56  Probe  
  65  7:57  Zealot  
  69  8:01  Gateway  
  69  8:02  Gateway  
  69  8:08  Gateway  
  69  8:10  Probe x2 (Chrono Boost)  
  72  8:20  Sentry  
  72  8:21  Zealot, Probe (Chrono Boost)  
  72  8:22  Probe (Chrono Boost)  
  72  8:24  Shield Battery  
  77  8:30  Probe  
  78  8:34  Zealot  
  78  8:36  Probe  
  78  8:39  Probe  
  82  8:41  Shield Battery  
  82  8:42  Zealot  
  82  8:43  Pylon  
  82  8:46  Zealot  
  82  8:56  Zealot x2  
  82  9:00  Zealot  
  82  9:01  Probe  
  82  9:02  Probe  
  88  9:04  Zealot x2  
  88  9:08  Stalker  
  88  9:09  Probe  
  95  9:14  Probe  
  91  9:17  Zealot x2  
  91  9:18  Probe  
  91  9:23  Zealot  
  94  9:26  Zealot x2  
  84  9:33  Zealot  
  84  9:34  Probe  
  84  9:35  Probe  
Tags
 
Add a new tag
Caveats
  • Supply blocks, unpowered buildings, or Contaminate may cause inaccurate times.
  • Supply counts are checked every 10 seconds.